 Dungeon Crawl Stone Soup version 0.25-a0-734-g73332aeda9 (webtiles) character file.

Game seed: 3736341542219268640, levelgen mode: deterministic

7 Maedhros the Charlatan (level 2, 0/18 HPs)
             Began as an Octopode Artificer on Apr 10, 2020.
             Slain by a goblin
             ... wielding a +0 dagger
             ... led by Robin
              (2 damage)
             ... on level 2 of the Dungeon.
             The game lasted 00:00:17 (120 turns).

Maedhros the Charlatan (Octopode Artificer)          Turns: 120, Time: 00:00:17

Health: 0/18       AC:  1    Str: 11    XL:     2   Next: 0%
Magic:  4/4        EV: 13    Int: 13    God:
Gold:   2          SH:  0    Dex: 12    Spells: 1/1 levels left

rFire    + . .     SeeInvis .   a - +0 short sword
rCold    . . .     Gourm    .   (no shield)
rNeg     . . .     Faith    .   (helmet restricted)
rPois    .         Spirit   .   (no amulet)
rElec    .         Reflect  .   e - ring of protection from fire
rCorr    .         Harm     .   (no ring)
MR       .....                  (no ring)
Stlth    +++.......             (no ring)
HPRegen  0.06/turn              (no ring)
MPRegen  0.09/turn              (no ring)
                                (no ring)
                                (no ring)

@: no status effects
A: almost no armour, stealthy swim, amphibious, 8 rings, constrict 8, camouflage
1, gelatinous body 1
a: no special abilities


You were on level 2 of the Dungeon.
You were not hungry.

You visited 1 branch of the dungeon, and saw 2 of its levels.

You collected 2 gold pieces.

Inventory:

Hand Weapons
 a - a +0 short sword (weapon)
Jewellery
 e - a ring of protection from fire (left tentacle)
Wands
 b - a wand of flame (15)
 c - a wand of enslavement (15)
 d - a wand of random effects (15)
Comestibles
 f - 2 rations


   Skills:
 - Level 1.0 Fighting
 - Level 1.0 Short Blades
 - Level 2.0 Dodging
 - Level 1.3 Stealth
 + Level 1.5 Unarmed Combat
 - Level 3.2 Evocations


You had one spell level left.
You didn't know any spells.
Your spell library was empty.

Dungeon Overview and Level Annotations

Branches:
Dungeon (1/15)

Altars:

Annotations:
D:2 Robin


Innate Abilities, Weirdness & Mutations

You cannot wear most types of armour.
You are very stealthy in the water. (Stealth+)
You are amphibious.
You can wear up to eight rings at the same time.
You can use your tentacles to constrict eight enemies at once.
Your skin changes colour to match your surroundings (Stealth+).
Your rubbery body absorbs attacks. (AC +1, EV +1)


Message History

A goblin comes into view.
A hobgoblin comes into view. It is wielding a +0 club.
The goblin wields a +0 hunting sling.
The goblin shoots a stone.
The stone hits you!
* * * LOW HITPOINT WARNING * * *
Robin flexes a bicep menacingly.
Robin throws the goblin at you!
* * * LOW HITPOINT WARNING * * *
There is a stone staircase leading down here.
You see here a stone.
You aren't carrying any potions.
A goblin comes into view. It is wielding a +0 dagger.
A hobgoblin comes into view. It is wielding a -3 club.
A hobgoblin comes into view.
The hobgoblin shouts!
Robin throws the goblin at you!
* * * LOW HITPOINT WARNING * * *
The goblin misses you. The goblin hits you with a +0 dagger.
You die...

... ....
....## ....###
......
#####...#
#.......#
#......@##
#.....gg.#
#.....g#.....#
####.%g###..##
#..g.# .....
##K#.....##.
#.###....
#####g###g.g..
#...gg.g.g.#..


You could see 2 hobgoblins, 4 goblins and a kobold.

Vanquished Creatures
  A dart slug (D:1)
  2 giant cockroaches
  A ball python (D:1)
  A kobold (D:1)
5 creatures vanquished.

Notes
Turn   | Place    | Note
-------+----------+-------------------------------------------
     0 | D:1      | Maedhros the Octopode Artificer began the quest for the
                  | Orb.
     0 | D:1      | Reached XP level 1. HP: 13/13 MP: 3/3
   107 | D:1      | Reached skill level 1 in Unarmed Combat
   109 | D:1      | You fall into a shaft and drop 1 floor!
   110 | D:2      | Noticed Robin
   111 | D:2      | Reached XP level 2. HP: 13/18 MP: 4/4
   120 | D:2      | Slain by a goblin

Levels and vault maps discovered:
D:1:      erik_arrival_blinker_ship, layout_basic
D:2:      layout_rooms, old_standard_altar, chequers_ecumenical_altar_island,
          minivault_26, minmay_tree_intersection, uniq_robin

Skill      XL: |  1 |
---------------+----+-----
Unarmed Combat | 1 |  1.5
Fighting       | |  1.0
Short Blades   | |  1.0
Dodging        | |  2.0
Stealth        | |  1.3
Evocations     | |  3.2

Action                   || total
-------------------------++-------
Melee: Short sword       ||     8
       Constrict         ||     4
       Tentacles         ||     3
Armor: Skin              ||     1
Dodge: Dodged            ||     4

Table legend:
 A = Non-vault XP
 B = Vault XP
 C = Vault XP percentage of total XP
 D = Non-vault monster count
 E = Vault monster count
 F = Vault count percentage of total count
                 A         B        C        D         E       F
            +---------+---------+-------+---------+---------+-------
      Total |      10 |       0 |   0.0 |       5 |       0 |   0.0
            +---------+---------+-------+---------+---------+-------
        D:1 |       8 |       0 |   0.0 |       4 |       0 |   0.0
        D:2 |       2 |       0 |   0.0 |       1 |       0 |   0.0
            +---------+---------+-------+---------+---------+-------
